 Dungeon Crawl Stone Soup version 0.28.0-43-g3370ac3207 (webtiles) character file.

Game seed: 3518250682923759084

0 vvl the Digger (level 1, -1/14 HPs)
             Began as a Draconian Earth Elementalist on Mar 15, 2022.
             Slain by a gnoll
             ... wielding a +0 spear
              (4 damage)
             ... on level 1 of the Dungeon.
             The game lasted 00:01:35 (71 turns).

vvl the Digger (Draconian Earth Elementalist)         Turns: 71, Time: 00:01:35

Health: -1/14      AC:  4    Str: 10    XL:     1   Next: 8%
Magic:  2/3        EV: 12    Int: 15    God:
Gold:   15         SH:  0    Dex: 11    Spells: 3/4 levels left

rFire   . . .      SeeInvis .   (no weapon)
rCold   . . .      Faith    .   (no shield)
rNeg    . . .      Spirit   .   (armour unavailable)
rPois   .          Reflect  .   (helmet restricted)
rElec   .          Harm     .   (no cloak)
rCorr   .          Rampage  .   (no gloves)
Will    .....                   (no boots)
Stlth   ++........              (no amulet)
HPRegen 0.04/turn               (no ring)
MPRegen 0.08/turn               (no ring)

@: no status effects
A: AC +4, unfitting armour, cold-blooded
a: no special abilities


You were on level 1 of the Dungeon.
You visited 1 branch of the dungeon, and saw 1 of its levels.

You collected 15 gold pieces.

Inventory:

Missiles
 b - 27 stones


   Skills:
 + Level 0.0 Fighting
 + Level 1.7 Dodging
 + Level 1.7 Stealth
 + Level 2.0 Spellcasting
 + Level 0.0 Conjurations
 + Level 1.0 Transmutations
 * Level 3.0 Earth Magic


You had 3 spell levels left.
You knew the following spells:

 Your Spells              Type           Power      Damage    Failure   Level
a - Sandblast             Erth           20%        2d7       6%          1

Your spell library contained the following spells:

 Spells                   Type           Power      Damage    Failure   Level
 Passwall                 Tmut/Erth      5%         N/A       14%         2
 Stone Arrow              Conj/Erth      12%        3d7       34%         3
 Petrify                  Tmut/Erth      7%         N/A       67%         4


Dungeon Overview and Level Annotations

Branches:
Dungeon (1/15)

Altars:


Innate Abilities, Weirdness & Mutations

Your plain brown scales are hard. (AC +4)
You cannot fit into any form of body armour.
You are cold-blooded and may be slowed by cold attacks.


Message History

The bat is moderately wounded.
The bat misses you. x2
You hit the bat but do no damage.
The bat is moderately wounded.
The bat barely misses you. The bat closely misses you.
The bat hits you but does no damage. The bat misses you.
The bat hits you but does no damage. The bat hits you but does no damage. x2
The bat hits you but does no damage. The bat barely misses you. x2
The bat hits you but does no damage. The bat barely misses you. x2
The bat closely misses you. The bat hits you but does no damage.
The bat misses you. The bat misses you. The bat hits you but does no damage.
The bat misses you.
You hit the bat but do no damage. The bat misses you.
The bat barely misses you.
You miss the bat. The bat barely misses you. The bat hits you.
You hit the bat.
Your tail-slap misses the bat.
The bat is severely wounded.
The bat closely misses you.
You barely miss the bat.
The bat is severely wounded.
The bat barely misses you. The bat misses you. The bat closely misses you.
You barely miss the bat.
The bat is severely wounded.
The bat hits you. x2
You hit the bat.
You kill the bat!
The bat closely misses you. The bat hits you but does no damage.
The kobold barely misses you. The bat hits you but does no damage.
The gnoll hits you from afar with a +0 spear.
* * * LOW HITPOINT WARNING * * *
You see here a bat corpse.
You hit the kobold.
The kobold is moderately wounded.
The bat barely misses you. The kobold closely misses you.
The gnoll hits you from afar with a +0 spear.
You die...

#+#########
..........#
#########.#.#
.......#.##.#
###'###.#.#.#######
#.....#.#.#.#...@K#
#.....#.#.#.#####b#
+..<..+.#.#.'.'.#g##
#.....#.#.#.###....#
#.....#.#.#.##.##..#
###+###.#.#.#......#
.#. #.##.###.#
#.##.# #.# ..##.#
#.#


You could see a gnoll, a bat and a kobold.

Vanquished Creatures
  A bat (D:1)
1 creature vanquished.

Notes
Turn   | Place    | Note
-------+----------+-------------------------------------------
     0 | D:1      | vvl the Draconian Earth Elementalist began the quest for
                  | the Orb.
     0 | D:1      | Reached XP level 1. HP: 14/14 MP: 3/3
    71 | D:1      | Slain by a gnoll

Illustrated notes

Levels and vault maps discovered:
D:1:      matt_arrival_los_fun, layout_loops_corners

Action                   || total
-------------------------++-------
Melee: Unarmed           ||    14
 Cast: Sandblast         ||     3
Armor: Skin              ||    20
Dodge: Dodged            ||    33
